 Dungeon Crawl Stone Soup version 0.31-a0-237-g2d982f9f85 (webtiles) character file.

Game seed: 3394512641567678380

1095 qw the Skirmisher (level 8, -4/70 HPs)
             Began as a Minotaur Hexslinger on July 10, 2023.
             Slain by Edmund
             ... wielding a +2 flail of protection
              (10 damage)
             ... on level 5 of the Dungeon.
             The game lasted 00:01:37 (3789 turns).

qw the Skirmisher (Minotaur Hexslinger)             Turns: 3789, Time: 00:01:38

Health: -4/70      AC:  7    Str: 14    XL:     8   Next: 10%
Magic:  8/8        EV: 11    Int: 10    God:
Gold:   133        SH:  0    Dex: 14    Spells: 8/9 levels left

rFire   . . .        a - +5 shortbow (heavy)
rCold   . . .        (shield currently unavailable)
rNeg    . . .        c - +0 ring mail
rPois   .            (helmet unavailable)
rElec   .            (no cloak)
rCorr   .            i - +0 pair of gloves
SInv    .            b - +0 pair of boots
Will    .....        (no amulet)
Stlth   +            (no ring)
HPRegen 0.31/turn    (no ring)
MPRegen 0.11/turn

%: no passive effects
@: no status effects
A: horns 3, retaliatory headbutt, subdued magic 1
a: no special abilities


You were on level 5 of the Dungeon.
You visited 1 branch of the dungeon, and saw 5 of its levels.
You also visited: Sewer.

You collected 166 gold pieces.
You spent 33 gold pieces at shops.


Innate Abilities, Weirdness & Mutations

You have a pair of large horns on your head.
You reflexively headbutt those who attack you in melee.
Your spells are a little easier to cast, but a little less powerful.


   Skills:
 - Level 5.9 Fighting
 + Level 8.7 Ranged Weapons
 - Level 2.0 Armour
 - Level 2.7 Dodging
 - Level 1.0 Spellcasting
 - Level 2.0 Hexes


You had 8 spell levels left.
You knew the following spells:

 Your Spells              Type           Power      Damage    Failure   Level
a - Slow                  Hex            12%        N/A       26%         1

Your spell library contained the following spells:

 Spells                   Type           Power      Damage    Failure   Level
 Inner Flame              Hex/Fire       1%         N/A       77%         3
 Portal Projectile        Hex/Tloc       2%         N/A       77%         3
 Cause Fear               Hex            1%         N/A       95%         4

Inventory:

Hand Weapons
 a - a +5 heavy shortbow (weapon)
Armour
 b - a +0 pair of boots (worn)
 c - a +0 ring mail (worn)
 i - a +0 pair of gloves (worn)
Jewellery
 k - a ring of protection from cold
 n - an amulet of faith
Scrolls
 j - a scroll of identify
 m - a scroll of brand weapon {unknown}
Potions
 f - 2 potions of cancellation
 g - a potion of might
 h - a potion of mutation
 l - 2 potions of brilliance {unknown}
 o - 2 potions of haste {unknown}

Dungeon Overview and Level Annotations

Branches:
Dungeon (5/15)              Sewer (visited)
 Temple: D:4-7

Altars:
Dithmenos

Shops:
D:2 !

Annotations:
D:5 Edmund


Message History

The orc hits you with a +0 hand axe. The orc wizard closely misses you.
You hear some strange, mumbled words.
Something tries to affect you, but you resist.
The orc hits you but does no damage. The orc barely misses you.
The orc completely misses you.
The orc wizard hits you but does no damage.
Something hits you but does no damage. The orc hits you but does no damage.
The orc hits you with a +0 mace. The orc hits you but does no damage.
The orc wizard hits you but does no damage.
Something hits you but does no damage. The orc misses you.
The orc wizard hits you but does no damage.
The orc hits you with a +0 mace. The orc hits you with a +0 hand axe.
The orc hits you but does no damage. The orc hits you with a +0 mace.
The orc hits you but does no damage. Something hits you but does no damage.
The orc wizard hits you with a +0 dagger.
Something hits you but does no damage. The orc closely misses you.
The orc barely misses you. The orc closely misses you.
The orc wizard hits you with a +0 dagger.
You feel less confused. Something hits you but does no damage.
The orc hits you but does no damage. The orc hits you with a +0 mace.
The orc misses you. You furiously retaliate!
You headbutt the orc!
You kill the orc!
The orc wizard hits you but does no damage.
You shoot an arrow. The arrow hits the orc!
You kill the orc!
Something hits you but does no damage. The orc hits you but does no damage. x2
The orc wizard hits you but does no damage.
You shoot an arrow.
The arrow hits Edmund but does no damage.
Something hits you.
Edmund hits you with a +2 flail of protection!
The orc wizard misses you. The orc hits you but does no damage. x2
The orc wizard hits you but does no damage.
The orc hits you but does no damage. Edmund closely misses you.
The orc hits you but does no damage. Something hits you but does no damage.
You shoot an arrow. The arrow barely misses Edmund.
Something hits you. The orc hits you with a +0 club.
Edmund hits you with a +2 flail of protection!
You die...

#.# #..#### #$. #.#
#...... #.. #.######.##
#... #.......... #...
###......#.
###...####### #.####...
............## #........
......@{.....# #.#.#....
......o@.....# #.#.#....
......oo.....###'#.#....
.............##........#
####.........##...#>#...
#.........##...#.#...
#.........##.....#...
....##....##...###...
..... ###.###.........
#.######.##.##


You could see Edmund, an orc wizard and 2 orcs.

Vanquished Creatures
  Sigmund (D:2)
  Eustachio (D:4)
  An ogre (D:3)
  A phantom (D:5)
  A bullfrog (Sewer)
  A scorpion (D:5)
  4 orc priests
  A hound (D:4)
  A jelly (D:4)
  2 orc wizards (D:4)
  An iguana (D:5)
  7 gnolls
  6 adders
  2 worms (D:4)
  2 dart slugs
  15 orcs
  8 ball pythons
  2 bats
  3 endoplasms
  9 giant cockroaches
  5 goblins
  7 hobgoblins
  5 jackals
  8 quokkas
  14 frilled lizards
  8 kobolds
  12 rats
128 creatures vanquished.

Notes
Turn   | Place    | Note
-------+----------+-------------------------------------------
     0 | D:1      | qw the Minotaur Hexslinger began the quest for the Orb.
     0 | D:1      | Reached XP level 1. HP: 16/16 MP: 1/1
     0 | D:1      | 0 ||| qw: Version: 0.3-a-52-g30416fa
     0 | D:1      | 0 ||| qw: Game counter: 5269
     0 | D:1      | 0 ||| qw: Melee chars always use a shield: true
     0 | D:1      | 0 ||| qw: God list: Okawaru
     0 | D:1      | 0 ||| qw: Allow faded altars: false
     0 | D:1      | 0 ||| qw: Do Orc after clearing Dungeon:15 true
     0 | D:1      | 0 ||| qw: Do second Lair branch before Depths: true
     0 | D:1      | 0 ||| qw: Lair rune preference: random
     0 | D:1      | 0 ||| qw: Goals: Normal
     0 | D:1      | 0 ||| PLANNING D:1-11
   126 | D:1      | Reached skill level 3 in Ranged Weapons
   128 | D:1      | Reached XP level 2. HP: 23/23 MP: 2/2
   338 | D:1      | Found a faded altar of an unknown god.
   637 | D:1      | 637 ||| UPGRADING to +0 pair of gloves.
   642 | D:1      | 642 ||| UPGRADING to +0 leather armour.
   652 | D:1      | 652 ||| DROPPING +0 robe.
   653 | D:1      | 653 ||| READING scroll labelled TATSAS JEC.
   658 | D:1      | 658 ||| READING scroll labelled SETAXO ZAH VOS.
   659 | D:1      | 659 ||| READING scroll labelled YJEINA AGGO.
   660 | D:1      | 660 ||| READING scroll labelled HYDDONIDOE.
   661 | D:1      | 661 ||| READING scroll labelled QIWEIN QAA.
   661 | D:1      | Identified a scroll of acquirement
   661 | D:1      | 661 ||| ACQUIRING +3 heavy shortbow
   661 | D:1      | Acquired a +3 heavy shortbow
   663 | D:1      | 663 ||| SWAPPING to +3 heavy shortbow.
   664 | D:1      | 664 ||| DROPPING +1 sling.
   665 | D:1      | 665 ||| DRINKING 2 murky clear potions.
   666 | D:1      | 666 ||| DROPPING scroll of poison.
   692 | D:2      | You fall into a shaft and drop 1 floor!
   834 | D:2      | Found a shadowy altar of Dithmenos.
   856 | D:2      | Reached XP level 3. HP: 29/29 MP: 3/3
   901 | D:2      | Noticed Sigmund
   910 | D:2      | HP: 6/29 [Sigmund/+0 scythe (7)]
   911 | D:2      | 911 ||| DRINKING potion of heal wounds.
   912 | D:2      | Killed Sigmund
   913 | D:2      | Reached skill level 6 in Ranged Weapons
   913 | D:2      | Reached XP level 4. HP: 36/36 MP: 4/4
   913 | D:2      | Reached XP level 5. HP: 41/41 MP: 5/5
  1013 | D:2      | Found Zedeotae's Distillery.
  1029 | D:2      | 1029 ||| BUYING potion of curing (33 gold).
  1029 | D:2      | Bought a potion of curing for 33 gold pieces
  1029 | D:2      | 1029 ||| SHOPLISTING potion of curing (33 gold, have 16).
  1029 | D:2      | 1029 ||| SHOPLISTING potion of enlightenment (55 gold, have
                  | 16).
  1029 | D:2      | 1029 ||| SHOPLISTING potion of haste (110 gold, have 16).
  1029 | D:2      | 1029 ||| SHOPLISTING potion of resistance (110 gold, have
                  | 16).
  1095 | D:2      | 1095 ||| UPGRADING to +0 pair of boots.
  1100 | D:2      | 1100 ||| READING scroll labelled DIASHR NENED.
  1101 | D:2      | 1101 ||| DRINKING 2 white potions.
  1140 | D:3      | Reached skill level 3 in Fighting
  1198 | D:3      | Reached skill level 1 in Armour
  1198 | D:3      | Reached XP level 6. HP: 51/51 MP: 6/6
  1651 | D:3      | 1651 ||| READING scroll of enchant weapon.
  1651 | D:3      | 1651 ||| ENCHANTING +3 heavy shortbow.
  2021 | D:3      | 2021 ||| READING scroll labelled WASAIC UXUXT.
  2022 | D:3      | 2022 ||| READING scroll labelled HOSIC IMAGE.
  2023 | D:3      | 2023 ||| DRINKING 2 bubbling brown potions.
  2023 | D:3      | Gained mutation: You have a pair of large horns on your
                  | head. [potion of mutation]
  2023 | D:3      | Gained mutation: Your spells are a little easier to cast,
                  | but a little less powerful. [potion of mutation]
  2037 | D:4      | 2037 ||| PLANNING SEWER
  2041 | D:4      | 2041 ||| STAIRDANCE
  2100 | D:4      | Found a glowing drain.
  2118 | Sewer    | Entered a sewer
  2125 | Sewer    | 2125 ||| Stepping ~*~*~tactically~*~*~ (water).
  2136 | Sewer    | 2136 ||| Stepping ~*~*~tactically~*~*~ (water).
  2139 | Sewer    | Reached skill level 7 in Ranged Weapons
  2144 | Sewer    | 2144 ||| Stepping ~*~*~tactically~*~*~ (water).
  2194 | Sewer    | 2194 ||| Stepping ~*~*~tactically~*~*~ (water).
  2201 | Sewer    | 2201 ||| Stepping ~*~*~tactically~*~*~ (water).
  2227 | Sewer    | 2227 ||| Stepping ~*~*~tactically~*~*~ (water).
  2306 | Sewer    | Reached XP level 7. HP: 59/59 MP: 7/7
  2316 | Sewer    | 2316 ||| Stepping ~*~*~tactically~*~*~ (water).
  2319 | Sewer    | 2319 ||| Stepping ~*~*~tactically~*~*~ (water).
  2552 | D:4      | 2552 ||| PLANNING D:1-11
  2675 | D:4      | 2675 ||| FLEEEEING.
  2676 | D:4      | 2676 ||| FLEEEEING.
  2678 | D:4      | 2678 ||| FLEEEEING.
  2679 | D:4      | 2679 ||| FLEEEEING.
  2682 | D:4      | 2682 ||| FLEEEEING.
  2683 | D:4      | 2683 ||| FLEEEEING.
  2684 | D:4      | 2684 ||| FLEEEEING.
  2685 | D:4      | 2685 ||| FLEEEEING.
  2686 | D:4      | 2686 ||| FLEEEEING.
  2687 | D:4      | 2687 ||| FLEEEEING.
  2690 | D:4      | 2690 ||| FLEEEEING.
  2691 | D:4      | 2691 ||| FLEEEEING.
  2692 | D:4      | 2692 ||| FLEEEEING.
  2693 | D:4      | 2693 ||| FLEEEEING.
  2694 | D:4      | 2694 ||| FLEEEEING.
  2695 | D:4      | 2695 ||| FLEEEEING.
  2696 | D:4      | 2696 ||| FLEEEEING.
  2697 | D:4      | 2697 ||| STAIRDANCE
  2768 | D:4      | Reached skill level 8 in Ranged Weapons
  2884 | D:4      | Noticed Eustachio
  2897 | D:4      | Killed Eustachio
  2965 | D:4      | 2965 ||| Stepping ~*~*~tactically~*~*~ (outnumbered).
  2967 | D:4      | 2967 ||| Stepping ~*~*~tactically~*~*~ (outnumbered).
  3067 | D:4      | 3067 ||| READING scroll of enchant weapon.
  3067 | D:4      | 3067 ||| ENCHANTING +4 heavy shortbow.
  3306 | D:4      | 3306 ||| UPGRADING to +0 ring mail.
  3316 | D:4      | 3316 ||| DROPPING +0 leather armour.
  3317 | D:4      | 3317 ||| DRINKING 2 emerald potions.
  3318 | D:4      | 3318 ||| READING 2 scrolls of identify.
  3318 | D:4      | 3318 ||| IDENTIFYING lumpy black potion
  3319 | D:4      | 3319 ||| DROPPING potion of magic.
  3340 | D:5      | Entered Level 5 of the Dungeon
  3512 | D:5      | 3512 ||| Stepping ~*~*~tactically~*~*~ (outnumbered).
  3516 | D:5      | HP: 15/62 [orc priest/divine providence (14)]
  3517 | D:5      | 3517 ||| DRINKING potion of heal wounds.
  3521 | D:5      | Reached XP level 8. HP: 35/70 MP: 8/8
  3769 | D:5      | 3769 ||| DRINKING potion of curing.
  3769 | D:5      | 3769 ||| (to cure confusion)
  3778 | D:5      | Noticed Edmund
  3788 | D:5      | HP: 12/70 [Edmund/+2 flail of protection (10)]
  3789 | D:5      | Slain by Edmund

Levels and vault maps discovered:
D:1:      amcnicky_arrival_double_pillar, layout_basic,
          hellmonk_ecumenical_altar_crossroads
D:2:      layout_rooms, basic_altar, serial_shops, shop, serial_bayou_lagoon_a,
          uniq_natasha, uniq_sigmund
D:3:      layout_basic
D:4:      layout_loops_ring, portal_sewer_entry_c, uniq_eustachio
D:5:      layout_basic, minmay_temple_entry_enclosed_plants, st_stairs_11,
          nicolae_shop_distant_corner_stores, uniq_edmund

Skill      XL: |  1  2  3  4  5  6  7 |
---------------+----------------------+-----
Ranged Weapons | 3 6 7 8 |  8.7
Fighting       | 2 3 4 5 |  5.9
Armour         | 1 2 |  2.0
Dodging        | |  2.7
Spellcasting   | |  1.0
Hexes          | |  2.0

Action                     |  1- 3 |  4- 6 |  7- 9 || total
---------------------------+-------+-------+-------++-------
   Fire: Sling             |    31 |       |       ||    31
         Shortbow          |    37 |   115 |   105 ||   257
    Use: Scroll            |     5 |     4 |     2 ||    11
         Potion            |     2 |     2 |     3 ||     7
 Armour: Leather armour    |     2 |     8 |     8 ||    18
         Ring mail         |       |       |    45 ||    45
  Dodge: Dodged            |    25 |    32 |    61 ||   118

Table legend:
 A = Non-vault XP
 B = Vault XP
 C = Vault XP percentage of total XP
 D = Non-vault monster count
 E = Vault monster count
 F = Vault count percentage of total count
                 A         B        C        D         E       F
            +---------+---------+-------+---------+---------+-------
      Total |     847 |     718 |  45.9 |      89 |      39 |  30.5
            +---------+---------+-------+---------+---------+-------
        D:1 |      28 |       0 |   0.0 |      15 |       0 |   0.0
        D:2 |      30 |     231 |  88.5 |      12 |       1 |   7.7
        D:3 |     303 |       0 |   0.0 |      26 |       0 |   0.0
        D:4 |     282 |     214 |  43.1 |      28 |       7 |  20.0
        D:5 |     204 |      97 |  32.2 |       8 |       3 |  27.3
      Sewer |       0 |     176 | 100.0 |       0 |      28 | 100.0
            +---------+---------+-------+---------+---------+-------
